Map: Ever Dream LE

Players

Szerspliex - Winner!

  • Race: Protoss Protoss
  • League: Diamond
  • Spawn Location: 7:00

Skinson

  • Race: Zerg Zerg
  • League: Diamond
  • Spawn Location: 1:00

VOD

Have the link to the VOD?

Description

Time

  • Played on: July 9, 2020, 4:34 a.m.
  • Length: 12:57
Show
View Real Time Build Order
Export as new Build Order

Szerspliex Protoss - Winner!

Build Orders: 1 Gate Expand, Archon Immortal 

Get SALT Encoding   

  12  0:01  Probe  
  13  0:13  Probe  
  14  0:20  Pylon  
  14  0:25  Probe  
  15  0:36  Probe  
  16  0:43  Gateway  
  16  0:45  Probe  
  17  0:54  Probe  
  18  1:07  Probe  
  19  1:19  Nexus  
  19  1:22  Probe  
  20  1:32  Cybernetics Core  
  20  1:38  Assimilator  
  20  1:39  Probe  
  21  1:50  Probe  
  21  1:53  Pylon  
  22  1:57  Assimilator  
  22  1:58  Probe  
  23  2:11  Probe  
  23  2:13  Adept  
  26  2:22  Probe  
  26  2:27  Warp Gate  
  27  2:30  Probe x2  
  29  2:38  Gateway, Probe  
  29  2:41  Probe  
  29  2:43  Stalker  
  32  2:49  Probe  
  34  2:53  Probe  
  35  3:01  Probe  
  35  3:03  Twilight Council  
  36  3:05  Probe  
  36  3:09  Probe  
  36  3:11  Assimilator  
  37  3:18  Probe, Sentry  
  41  3:24  Probe  
  41  3:26  Adept  
  43  3:30  Probe  
  45  3:34  Pylon  
  45  3:36  Probe  
  45  3:41  Pylon  
  46  3:48  Probe  
  46  3:52  Probe  
  48  3:57  Probe  
  48  3:59  Resonating Glaives  
  49  4:04  Probe  
  50  4:12  Robotics Facility  
  50  4:30  Adept x2  
  54  4:33  Probe x2  
  56  4:42  Pylon  
  56  4:44  Pylon  
  56  4:46  Gateway  
  56  4:47  Gateway  
  56  4:49  Gateway, Warp Prism  
  56  4:53  Gateway x2  
  56  4:59  Gateway  
  58  5:00  Gateway  
  58  5:03  Pylon  
  58  5:09  Probe  
  58  5:10  Shield Battery  
  59  5:25  Immortal  
  62  5:31  Adept  
  64  5:44  Adept x3  
  64  5:45  Adept  
  70  5:50  Adept x2  
  68  5:57  Immortal  
  68  6:11  Adept x9  
  86  6:30  Nexus  
  86  6:33  Forge  
  86  6:35  Forge  
  86  6:38  Pylon  
  86  6:39  Pylon  
  86  6:49  Protoss Ground Weapons Level 1  
  86  6:51  Protoss Ground Armor Level 1  
  86  6:54  Templar Archives  
  86  6:55  Assimilator  
  86  6:56  Probe x2, Observer  
  86  6:57  Stalker x3  
  95  7:01  Charge  
  95  7:08  Probe x2  
  95  7:34  High Templar  
  95  7:35  High Templar  
  99  7:39  Photon Cannon  
  99  7:40  Archon, Photon Cannon  
  91  7:46  High Templar  
  91  7:47  Probe x2, Shield Battery  
  91  7:49  Probe  
  91  7:51  Zealot x5  
  102  7:54  Assimilator  
  106  7:58  Pylon  
  106  7:59  Probe x2  
  106  8:01  Probe  
  109  8:08  High Templar  
  109  8:10  High Templar  
  109  8:11  Probe  
  114  8:14  Zealot  
  116  8:21  Archon  
  116  8:23  High Templar  
  116  8:25  Zealot x3  
  124  8:29  Shield Battery  
  124  8:30  Probe  
  125  8:55  Probe  
  125  8:56  Probe  
  125  8:58  Pylon  
  125  9:00  Pylon  
  125  9:01  Pylon  
  125  9:04  Probe  
  125  9:07  Probe x2  
  125  9:11  Archon, Immortal  
  125  9:15  Probe  
  125  9:16  Probe  
  129  9:19  Probe  
  129  9:22  High Templar x4  
  129  9:23  Probe  
  139  9:28  Probe  
  139  9:31  Protoss Ground Weapons Level 2, Probe  
  141  9:34  Protoss Ground Armor Level 2  
  141  9:35  Probe, Nexus  
  143  9:40  Probe, Pylon  
  143  9:43  Pylon  
  144  9:47  Pylon, Zealot  
  144  9:49  Archon x2  
  146  9:53  Assimilator  
  146  9:54  Pylon  
  146  9:57  Immortal  
  116  10:24  Probe x3  
  119  10:35  Zealot x7  
  119  10:36  Probe x3  
  119  10:37  Observer  
  109  10:59  High Templar x4  
  109  11:00  High Templar, Zealot x2  
  109  11:03  Archon  
  109  11:04  Archon  
  103  11:16  Probe x3  
  103  11:18  Zealot x2  
  99  11:19  Probe  
  99  11:24  Probe x3  
  83  11:48  Zealot x2  
  83  11:49  Zealot x3  
  92  12:04  High Templar x2  
  92  12:05  High Templar x2  
  100  12:11  Probe  
  100  12:13  Probe x3  
  103  12:19  Probe  
  103  12:21  Probe  
  100  12:25  Probe x2  
  100  12:27  Probe  
  102  12:31  Probe  
  102  12:36  Zealot x3  
  110  12:37  Probe  
  108  12:47  Archon x2  
Show
View Real Time Build Order
Export as new Build Order

Skinson Zerg 

Build Orders: Hatch First, Muta Ling Bane 

Get SALT Encoding   

  12  0:00  Drone  
  13  0:12  Overlord  
  13  0:16  Drone  
  14  0:30  Drone x2  
  16  0:48  Hatchery  
  15  0:51  Drone  
  15  0:56  Drone  
  17  0:59  Drone  
  18  1:10  Extractor  
  17  1:15  Spawning Pool  
  17  1:17  Drone  
  17  1:22  Drone  
  18  1:28  Drone  
  19  1:38  Drone  
  20  1:50  Overlord  
  20  2:01  Queen x2  
  20  2:02  Zergling x4  
  26  2:11  Metabolic Boost  
  26  2:12  Drone  
  27  2:33  Hatchery  
  27  2:34  Drone x2  
  28  2:45  Drone x2  
  28  2:48  Overlord  
  30  2:54  Overlord  
  30  2:55  Drone  
  31  2:59  Drone  
  32  3:05  Drone  
  32  3:07  Queen  
  35  3:18  Drone x4  
  35  3:19  Drone  
  40  3:29  Drone  
  40  3:30  Drone  
  42  3:34  Overlord  
  42  3:40  Zergling x2  
  43  3:44  Zergling x2  
  43  3:48  Overlord, Queen  
  46  3:50  Zergling x2  
  46  3:51  Zergling x2  
  46  3:52  Drone x4  
  52  3:58  Drone x2  
  56  4:06  Lair  
  56  4:08  Extractor  
  53  4:10  Roach Warren, Drone  
  53  4:11  Drone x2  
  53  4:14  Drone  
  53  4:16  Drone  
  57  4:21  Drone, Extractor  
  57  4:22  Drone  
  57  4:23  Overlord  
  58  4:25  Spore Crawler  
  58  4:26  Spore Crawler  
  56  4:35  Zergling x4  
  56  4:37  Overlord  
  58  4:46  Queen  
  58  4:48  Drone x6  
  66  4:59  Spore Crawler  
  65  5:00  Overlord  
  65  5:06  Evolution Chamber  
  63  5:07  Evolution Chamber, Drone x3  
  63  5:08  Extractor  
  63  5:13  Overlord x3  
  64  5:23  Zergling x4  
  64  5:24  Roach  
  64  5:25  Roach x3  
  74  5:35  Zerg Ground Armor Level 1, Zerg Melee Weapons Level 1  
  74  5:38  Roach x2  
  74  5:39  Baneling Nest  
  77  5:49  Roach x5  
  80  6:14  Drone x3  
  80  6:15  Spire, Drone x3  
  80  6:17  Drone x4  
  89  6:20  Extractor  
  89  6:21  Extractor  
  89  6:25  Overlord  
  86  6:29  Ravager x2  
  86  6:30  Hatchery  
  87  6:36  Drone  
  87  6:38  Centrifical Hooks  
  88  6:41  Drone x2  
  88  6:42  Drone x3  
  88  6:44  Drone x3  
  96  6:47  Overlord  
  96  6:49  Overlord  
  96  6:51  Queen  
  98  7:00  Overseer  
  98  7:07  Overlord  
  98  7:08  Overlord  
  96  7:27  Mutalisk x6  
  106  7:39  Drone x2  
  106  7:40  Drone x3  
  111  7:48  Overlord x2  
  111  7:51  Hatchery  
  111  7:52  Pneumatized Carapace  
  111  7:57  Drone x6  
  116  8:05  Zergling x2  
  116  8:06  Zergling x6  
  116  8:09  Overlord  
  116  8:10  Zergling x8  
  116  8:11  Zerg Melee Weapons Level 2  
  124  8:13  Glial Reconstitution  
  124  8:15  Unknown  
  123  8:40  Zergling x26  
  136  8:47  Overlord  
  136  8:48  Overlord  
  136  9:03  Overlord  
  136  9:04  Overlord x2  
  136  9:10  Baneling x14  
  136  9:18  Queen  
  136  9:20  Overlord x2  
  136  9:22  Drone x3  
  136  9:23  Drone x3  
  144  9:24  Overseer  
  144  9:34  Overlord x3  
  144  9:38  Infestation Pit  
  143  9:47  Zergling x32  
  140  10:15  Zergling x28  
  152  10:23  Baneling x19  
  152  10:26  Hive  
  152  10:28  Zerg Ground Armor Level 2  
  150  10:30  Zerg Missile Weapons Level 1  
  127  10:58  Baneling x4  
  127  10:59  Zergling x38  
  124  11:13  Roach x5  
  124  11:14  Roach  
  132  11:20  Hatchery  
  132  11:21  Baneling x12  
  128  11:29  Zergling x8  
  128  11:30  Zergling x4  
  119  11:45  Roach x6  
  95  11:54  Zergling x6  
  94  12:03  Hatchery  
  94  12:04  Zergling x2  
  94  12:05  Zergling x4  
  93  12:13  Zergling x2  
  80  12:26  Zergling x10  
  79  12:30  Zergling x4  
  79  12:32  Zergling x8  
  79  12:35  Zergling x4  
Tags
 
Add a new tag
Caveats
  • Supply blocks, unpowered buildings, or Contaminate may cause inaccurate times.
  • Supply counts are checked every 10 seconds.